 Dungeon Crawl Stone Soup version 0.17-a0-1481-gfdcec5c (webtiles) character file.

165 namelastname112 the Firebug (level 5, 0/38 HPs)
             Began as a Draconian Fire Elementalist on July 4, 2015.
             Slain by an orc wizard
             ... wielding a +1 dagger of draining
              (2 damage)
             ... on level 3 of the Dungeon.
             The game lasted 00:05:43 (1996 turns).

namelastname112 the Firebug (DrFE)                  Turns: 1996, Time: 00:05:43

Health: 0/38       AC:  5    Str: 10      XL:     5   Next: 22%
Magic:  6/9        EV: 16    Int: 15 (17) God:
Gold:   169        SH:  0    Dex: 16      Spells: 2 memorised, 6 levels left

rFire  . . .     SeeInvis .     p - +2 hand axe (elec)
rCold  . . .     Clarity  .     (armour unavailable)
rNeg   . . .     SustAt   .     (no shield)
rPois  .         Gourm    .     (helmet restricted)
rElec  .         Spirit   .     (no cloak)
rCorr  .         Warding  .     (no gloves)
rMut   +         Stasis   .     (no boots)
MR     .....                    i - amulet of resist mutation
Stlth  ++........               (no ring)
                                j - ring of invisibility

@: agile, flying, heavily drained, not resistant to hostile enchantments,
unstealthy
A: unfitting armour, cold-blooded, AC +5
a: Evoke Invisibility


You were on level 3 of the Dungeon.
You were not hungry.

You visited 1 branch of the dungeon, and saw 3 of its levels.

You collected 169 gold pieces.

Inventory:

Hand weapons
 p - a +2 hand axe of electrocution (weapon)
 u - a +0 falchion
Jewellery
 i - an amulet of resist mutation (around neck)
 j - a ring of invisibility (left hand)
Scrolls
 e - 2 scrolls of magic mapping {unknown}
 f - 2 scrolls of enchant armour {unknown}
 h - a scroll of identify {unknown}
 k - a scroll of blinking {unknown}
 r - a scroll of immolation {unknown}
 t - a scroll of remove curse {unknown}
Potions
 d - a potion of mutation {unknown}
 l - a potion of resistance {unknown}
 m - a potion of agility
 n - a potion of heal wounds {unknown}
Books
 a - a book of Flames

   Spells                             Type                      Level
   a - Flame Tongue                   Conjuration/Fire             1
   b - Throw Flame                    Conjuration/Fire             2
   c - Conjure Flame                  Conjuration/Fire             3
   d - Inner Flame                    Hexes/Fire                   3
   e - Sticky Flame                   Conjuration/Fire             4
   f - Fireball                       Conjuration/Fire             5
Comestibles
 b - 2 bread rations
 c - 3 fruits
 o - a meat ration
 s - a beef jerky


   Skills:
 - Level 1.7(0.0) Dodging
 - Level 1.7(0.0) Stealth
 + Level 3.3(0.9) Spellcasting
 + Level 3.0(0.7) Conjurations
 + Level 4.1(1.7) Fire Magic


You had 6 spell levels left.
You knew the following spells:

 Your Spells              Type           Power        Failure   Level  Hunger
a - Conjure Flame         Conj/Fire      #.......     43%         3    ####...
z - Flame Tongue          Conj/Fire      #....        14%         1    ##.....


Dungeon Overview and Level Annotations

Branches:
Dungeon (3/15)

Altars:


Innate Abilities, Weirdness & Mutations

Your plain brown scales are hard (AC +5).
Your body does not fit into most forms of armour.
You are cold-blooded and may be slowed by cold attacks.


Message History

You feel drained.
* * * LOW HITPOINT WARNING * * *
You closely miss something.
You hear some strange, mumbled words.
A puff of flame appears from out of thin air!
The puff of flame hits you!
* * * LOW HITPOINT WARNING * * *
Something hits you but does no damage.
You feel drained.
Drink which item? (? for menu, Esc to quit)
It was a potion of flight.
You feel very buoyant.
You fly up into the air.
An orc wizard appears from thin air!
Reactivating autopickup.
The orc wizard barely misses you.
Drink which item? (? for menu, Esc to quit)
It was a potion of degeneration.
There was something very wrong with that liquid.
You feel dopey.
The orc wizard hits you with a dagger of draining.
You die...

...........
..........
.........#
......†..########
.......>)........
#.....).#)######
#.......#)#<#
#.......#o#[#
#.......#@#.#
#.......#)#.#
#.......#.#.#
#.......#.#.#
#.#.#### #.#....#
#.####.# #.# #†#
#.# #.#


You could see an orc wizard.

Vanquished Creatures
  Natasha (D:3)
  Robin (D:3)
  5 adders
  2 gnolls (D:1)
  2 oozes
  A worm (D:2)
  5 orcs (D:3)
  4 giant cockroaches
  5 hobgoblins
  3 jackals (D:3)
  3 kobolds
  3 bats (D:2)
  A giant newt (D:3)
  10 goblins
  7 rats
53 creatures vanquished.

Notes
Turn   | Place    | Note
--------------------------------------------------------------
     0 | D:1      | namelastname112 the Draconian Fire Elementalist began the quest for the Orb.
     0 | D:1      | Reached XP level 1. HP: 14/14 MP: 3/3
   201 | D:1      | Reached XP level 2. HP: 20/20 MP: 0/5
   658 | D:2      | Reached XP level 3. HP: 26/26 MP: 6/6
  1260 | D:2      | Learned a level 3 spell: Conjure Flame
  1275 | D:2      | Reached XP level 4. HP: 33/33 MP: 8/8
  1351 | D:3      | Noticed Natasha
  1356 | D:3      | Killed Natasha
  1425 | D:3      | Noticed Robin
  1810 | D:3      | Reached skill level 4 in Fire Magic
  1811 | D:3      | Reached XP level 5. HP: 25/38 MP: 6/9
  1854 | D:3      | Killed Robin
  1996 | D:3      | Slain by an orc wizard

Vault maps used:
D:1:      minmay_arrival_solitary_statue
D:3:      st_stairs_8, uniq_crazy_yiuf_cottage, uniq_robin, uniq_jessica,
          uniq_natasha

Action                   |  1- 3 |  4- 6 || total
-------------------------+-------+-------++-------
Melee: Hand axe          |    27 |    59 ||    86
 Cast: Flame Tongue      |    20 |    20 ||    40
       Conjure Flame     |       |     1 ||     1
  Use: Potion            |       |     3 ||     3
 Stab: Sleeping          |     2 |       ||     2
  Eat: Chunk             |     1 |     3 ||     4
